 Dungeon Crawl Stone Soup version 0.30.1-11-g7821555f0a (webtiles) character file.

Game seed: 183348058473378602

262 Peloso the Trooper (level 5, -3/48 HPs)
             Began as a Minotaur Fighter on Dec 13, 2023.
             Was an Initiate of Okawaru.
             Killed by divine providence
             ... invoked by an orc priest
              (14 damage)
             ... on level 4 of the Dungeon.
             The game lasted 00:04:42 (2401 turns).

Peloso the Trooper (Minotaur Fighter)               Turns: 2401, Time: 00:04:43

Health: -3/48      AC: 10    Str: 20    XL:     5   Next: 97%
Magic:  4/4        EV:  8    Int:  5    God:    Okawaru [......]
Gold:   152        SH:  5    Dex: 12    Spells: 4/4 levels left

rFire   . . .        a - +0 long sword
rCold   . . .        d - +0 buckler
rNeg    . . .        s - +0 chain mail
rPois   .            (helmet restricted)
rElec   .            (no cloak)
rCorr   .            (no gloves)
SInv    .            r - +0 pair of boots
Will    .....        (no amulet) Stlth
                     (no ring)
HPRegen 0.28/turn    (no ring)
MPRegen 0.09/turn

%: no passive effects
@: no status effects
A: horns 2, retaliatory headbutt
a: Renounce Religion


You were on level 4 of the Dungeon.
You worshipped Okawaru.
Okawaru was noncommittal.
You visited 1 branch of the dungeon, and saw 4 of its levels.

You collected 152 gold pieces.

Inventory:

Hand Weapons
 a - a +0 long sword (weapon)
Armour
 b - a +0 scale mail
 d - a +0 buckler (worn)
 r - a +0 pair of boots (worn)
 s - a +0 chain mail (worn)
Magical Staves
 c - a staff of fire
Jewellery
 f - a +5 ring of evasion
 i - a ring of wizardry
 n - a ring of protection from fire
Scrolls
 e - a scroll of amnesia {unknown}
 g - a scroll of brand weapon {unknown}
 h - a scroll of vulnerability {unknown}
 j - 3 scrolls of teleportation {unknown}
 l - 2 scrolls of magic mapping {unknown}
 t - a scroll of poison {unknown}
Potions
 k - 3 potions of might
 o - a potion of heal wounds
 p - 4 potions of curing
 q - a potion of brilliance {unknown}


   Skills:
 + Level 5.0 Fighting
 + Level 4.8 Long Blades
 + Level 4.7 Armour
 + Level 1.2 Dodging
 + Level 0.4 Stealth
 + Level 4.5 Shields


You had 4 spell levels left.
You didn't know any spells.
Your spell library contained the following spells:

 Spells                   Type           Power      Damage    Failure   Level
 Borgnjor's Revivificati  Necr           0%         N/A       100%        8
 Necromutation            Tmut/Necr      0%         N/A       100%        8
 Death's Door             Necr           0%         N/A       100%        9


Dungeon Overview and Level Annotations

Branches:
Dungeon (4/15)
 Temple: D:4-7

Altars:
Ashenzari
Elyvilon
Kikubaaqudgha
Okawaru
Qazlal
Ru
Sif Muna

Annotations:
D:1 Dig
D:4 Dowan, Duvessa


Innate Abilities, Weirdness & Mutations

You have a pair of horns on your head.
You reflexively headbutt those who attack you in melee.


Message History

You block the orc's attack.
You see here a murky cyan potion.
The orc attacks as you move away! The orc barely misses you.
Found a stone staircase leading up.
You closely miss the orc. You headbutt the orc!
You kill the orc!
Okawaru accepts your kill.
You hit the orc priest.
The orc priest is moderately wounded.
The orc priest looks satisfied for a moment.
You closely miss the orc priest.
You headbutt the orc priest, but do no damage.
The orc priest is moderately wounded.
The orc priest completely misses you.
You barely miss the orc priest.
The orc priest is moderately wounded.
The orc priest calls down the wrath of Beogh upon you.
Pain shoots through your body!
* * * LOW HITPOINT WARNING * * *
You block the orc priest's attack.
You hit the orc priest but do no damage.
The orc priest is moderately wounded.
You block the orc priest's attack.
You barely miss the orc priest.
The orc priest is moderately wounded.
The orc priest hits you with a +0 hand axe.
* * * LOW HITPOINT WARNING * * *
You closely miss the orc priest. You headbutt the orc priest.
The orc priest is moderately wounded.
You block the orc priest's attack.
Unknown command.
You barely miss the orc priest.
The orc priest is moderately wounded.
The orc priest hits you but does no damage.
Unknown command.
You closely miss the orc priest.
The orc priest is moderately wounded.
The orc priest mumbles some strange prayers to Beogh against you.
Beogh smites you!
You die...

# #..#. .# ... ..e.
.. ....###..#.#
#........# #..<...#
## #..........###<
#.#......#.#.. #
#####..# #.#
##....#@# ......#o#
......#o######## ..#
......ooo......# ..#
........#......# #..#
....o.###......###..#
.....# #......##...#
..... #......##..#
.... #.......#..#


You could see 2 orc priests and 3 orcs.

Vanquished Creatures
  A scorpion (D:4)
  An orc priest (D:4)
  Jessica (D:2)
  An orc wizard (D:4)
  4 adders
  4 worms
  3 orcs
  5 ball pythons
  5 bats
  5 endoplasms
  3 giant cockroaches
  10 goblins
  6 hobgoblins
  5 jackals
  4 quokkas
  5 frilled lizards
  4 kobolds
  4 rats
71 creatures vanquished.

Notes
Turn   | Place    | Note
-------+----------+-------------------------------------------
     0 | D:1      | Peloso the Minotaur Fighter began the quest for the Orb.
     0 | D:1      | Reached XP level 1. HP: 19/19 MP: 0/0
   174 | D:1      | Reached XP level 2. HP: 22/27 MP: 1/1
   269 | D:1      | Reached skill level 4 in Fighting
   625 | D:2      | Reached XP level 3. HP: 33/33 MP: 2/2
   864 | D:2      | Noticed Jessica
   868 | D:2      | Killed Jessica
   869 | D:2      | Reached XP level 4. HP: 41/41 MP: 3/3
  1626 | D:3      | Found a stormy altar of Qazlal.
  1626 | D:3      | Found a sacrificial altar of Ru.
  1628 | D:3      | Found an iron altar of Okawaru.
  1629 | D:3      | Found an ancient bone altar of Kikubaaqudgha.
  1630 | D:3      | Found a white marble altar of Elyvilon.
  1630 | D:3      | Found a shimmering blue altar of Sif Muna.
  1631 | D:3      | Found a broken altar of Ashenzari.
  1637 | D:3      | Became a worshipper of Warmaster Okawaru
  2158 | D:3      | Reached XP level 5. HP: 44/47 MP: 4/4
  2273 | D:4      | Noticed Duvessa
  2273 | D:4      | Noticed Dowan
  2349 | D:4      | Reached skill level 1 in Dodging
  2379 | D:4      | Reached skill level 5 in Fighting
  2401 | D:4      | Killed from afar by an orc priest

Illustrated notes

Levels and vault maps discovered:
D:1:      evilmike_arrival_come_back, layout_rooms
D:2:      layout_basic, minivault_11, minmay_guardbox, uniq_jessica
D:3:      layout_loops_cross, grunt_temple_overflow_open
D:4:      layout_basic, mainiacjoe_overflow_surrounded_room,
          gup_sewer_entry_bubbles, uniq_duvessa

Skill      XL: |  1  2  3  4  5 |
---------------+----------------+-----
Fighting       | 4 5 |  5.0
Shields        | 4 |  4.5
Armour         | 4 |  4.7
Long Blades    | 3 4 |  4.8
Dodging        | 1 |  1.2
Stealth        | |  0.4

Action                     |  1- 3 |  4- 6 || total
---------------------------+-------+-------++-------
  Melee: Long sword        |    63 |    98 ||   161
         Headbutt          |     7 |    15 ||    22
    Use: Potion            |     2 |     1 ||     3
         Scroll            |       |     4 ||     4
   Stab: Distracted        |       |     1 ||     1
 Armour: Scale mail        |    32 |    24 ||    56
         Chain mail        |       |    23 ||    23
  Dodge: Dodged            |    34 |    37 ||    71
  Block: Buckler           |     8 |    29 ||    37
